[ AOE2 MATCH · #506243567 ]
UnrankedBurmese vs Britons
Player's team · LOSS
Rival team · WIN
[ REPLAY ANALYSIS · EXTRACTED FROM THE RECORDED GAME ]
Feudal
9:20
Castle
22:00
Imperial
38:47
| APM avg | 44.8 |
| APM peak | 85 |
| eAPM avg | 26.2 |
| Villagers / military | 151 / 916 |
Focus
⚔️ 48.7% · 🌾 51.3%
Scout Cavalry ×462 · Skirmisher ×209 · Arambai ×90 · Knight ×72 · Militia ×21 · Battle Elephant ×19
Feudal
9:41
Castle
24:12
Imperial
38:09
| APM avg | 59.8 |
| APM peak | 108 |
| eAPM avg | 39.4 |
| Villagers / military | 232 / 742 |
Focus
⚔️ 49.9% · 🌾 50.1%
Spearman ×307 · Scout Cavalry ×168 · Archer ×147 · Longbowman ×85 · Skirmisher ×11 · Trebuchet (Packed) ×11
Match map
Initial resources + every placement click. Lines = walls · curves = elevation contours. ◆ gold · ⬟ stone · ● berries · ✦ relic · ◌ wall gap
Your base· Open — 10t gap
JAGR | Herol's base· Open — unwalled flank
Smoothed initial terrain · ◌ = detected wall gap · hover for details
Inputs per minute
— HellionBlue - - JAGR | Herol
Build order — HellionBlue
First 150 of 746 actions detected
| 0:00 | Queue | Villager (Male) |
| 0:01 | Queue | Villager (Male) |
| 0:02 | Build | House |
| 0:03 | Build | House |
| 0:04 | Queue | Villager (Male) |
| 0:04 | Queue | Villager (Male) |
| 1:26 | Queue | Villager (Male) |
| 1:50 | Queue | Villager (Male) |
| 2:19 | Queue | Villager (Male) |
| 2:41 | Build | Lumber Camp |
| 2:47 | Queue | Villager (Male) |
| 2:47 | Queue | Villager (Male) |
| 3:02 | Build | House |
| 3:54 | Queue | Villager (Male) |
| 3:55 | Queue | Villager (Male) |
| 3:55 | Queue | Villager (Male) |
| 4:24 | Build | House |
| 4:55 | Queue | Villager (Male) |
| 5:21 | Queue | Villager (Male) |
| 6:06 | Queue | Villager (Male) |
| 6:11 | Build | Barracks |
| 6:28 | Queue | Villager (Male) |
| 7:10 | Research | Feudal Age |
| 7:28 | Build | Mill |
| 7:31 | Research | Loom |
| 7:48 | Queue | Militia |
| 8:07 | Queue | Militia |
| 8:40 | Build | Mining Camp |
| 8:47 | Queue | Villager (Male) |
| 8:53 | Queue | Villager (Male) |
| 8:55 | Research | Loom |
| 8:55 | Queue | Villager (Male) |
| 9:08 | Queue | Villager (Male) |
| 9:20 | Age | Feudal Age |
| 9:21 | Research | Man-at-Arms (upgrade) |
| 9:25 | Build | House |
| 9:39 | Queue | Spearman |
| 9:46 | Build | House |
| 9:49 | Queue | Villager (Male) |
| 10:22 | Queue | Villager (Male) |
| 10:26 | Build | Archery Range |
| 10:28 | Queue | Villager (Male) |
| 10:30 | Build | Farm |
| 10:31 | Build | Farm |
| 10:31 | Build | Farm |
| 10:31 | Build | Farm |
| 10:31 | Build | Farm |
| 10:39 | Build | Farm |
| 10:51 | Research | Loom |
| 10:54 | Queue | Villager (Male) |
| 11:00 | Build | House |
| 11:01 | Build | Palisade Wall |
| 11:01 | Build | Palisade Wall |
| 11:10 | Build | Farm |
| 11:11 | Queue | Villager (Male) |
| 11:19 | Queue | Spearman |
| 11:19 | Queue | Militia |
| 12:08 | Queue | Villager (Male) |
| 12:12 | Build | Farm |
| 12:13 | Build | Farm |
| 12:14 | Queue | Villager (Male) |
| 12:15 | Queue | Villager (Male) |
| 12:18 | Build | Farm |
| 12:22 | Build | Farm |
| 12:28 | Queue | Villager (Male) |
| 12:36 | Build | Farm |
| 12:47 | Queue | Archer |
| 12:47 | Queue | Archer |
| 12:51 | Queue | Skirmisher |
| 12:55 | Queue | Spearman |
| 13:07 | Queue | Skirmisher |
| 13:30 | Queue | Villager (Male) |
| 13:40 | Build | Lumber Camp |
| 13:59 | Queue | Villager (Male) |
| 14:05 | Build | House |
| 14:09 | Queue | Skirmisher |
| 14:11 | Queue | Militia |
| 14:11 | Queue | Spearman |
| 14:16 | Queue | Skirmisher |
| 14:27 | Queue | Villager (Male) |
| 14:37 | Build | House |
| 14:38 | Build | Palisade Wall |
| 14:46 | Build | Palisade Wall |
| 14:49 | Build | Palisade Wall |
| 14:52 | Build | Palisade Wall |
| 15:02 | Queue | Villager (Male) |
| 15:06 | Research | Wheelbarrow |
| 15:06 | Queue | Villager (Male) |
| 15:27 | Build | Blacksmith |
| 15:30 | Queue | Villager (Male) |
| 15:37 | Build | Farm |
| 15:49 | Queue | Villager (Male) |
| 16:06 | Queue | Villager (Male) |
| 16:11 | Build | Lumber Camp |
| 16:12 | Queue | Villager (Male) |
| 16:18 | Build | Palisade Gate |
| 16:35 | Build | Stable |
| 16:42 | Build | Palisade Gate |
| 16:44 | Build | Palisade Wall |
| 16:46 | Queue | Villager (Male) |
| 17:01 | Build | House |
| 17:02 | Build | House |
| 17:07 | Build | Farm |
| 17:08 | Queue | Villager (Male) |
| 17:11 | Build | Farm |
| 17:13 | Research | Horse Collar |
| 17:29 | Build | Farm |
| 17:40 | Build | Farm |
| 17:45 | Build | Farm |
| 17:49 | Build | Farm |
| 18:02 | Build | Farm |
| 18:07 | Build | Farm |
| 18:55 | Build | Archery Range |
| 19:20 | Research | Castle Age |
| 19:34 | Build | Stable |
| 19:51 | Build | Market |
| 20:06 | Research | Bloodlines |
| 20:10 | Queue | Skirmisher |
| 20:10 | Queue | Skirmisher |
| 20:19 | Build | House |
| 20:28 | Queue | Skirmisher |
| 20:33 | Research | Scale Barding Armor |
| 20:43 | Build | House |
| 20:44 | Build | Palisade Wall |
| 21:01 | Queue | Villager (Male) |
| 21:01 | Queue | Villager (Male) |
| 21:03 | Research | Gold Mining |
| 21:10 | Build | Palisade Wall |
| 21:11 | Build | Palisade Wall |
| 21:15 | Build | Palisade Wall |
| 21:40 | Queue | Militia |
| 21:42 | Queue | Militia |
| 21:50 | Research | Scale Mail Armor |
| 22:00 | Age | Castle Age |
| 22:05 | Queue | Knight |
| 22:06 | Queue | Knight |
| 22:07 | Research | Husbandry |
| 22:17 | Build | Town Center |
| 22:25 | Queue | Villager (Male) |
| 22:26 | Queue | Villager (Male) |
| 22:33 | Build | Farm |
| 22:44 | Build | Siege Workshop |
| 22:51 | Queue | Knight ×2 |
| 22:59 | Build | Farm |
| 23:00 | Build | Farm |
| 23:00 | Build | Farm |
| 23:00 | Build | Farm |
| 23:00 | Build | Farm |
| 23:01 | Build | Farm |
| 23:01 | Build | Farm |
Build order — JAGR | Herol
First 150 of 1244 actions detected
| 0:01 | Queue | Villager (Male) ×4 |
| 0:01 | Queue | Villager (Male) ×4 |
| 0:03 | Build | House |
| 0:05 | Build | House |
| 1:22 | Queue | Villager (Male) |
| 1:23 | Queue | Villager (Male) |
| 1:35 | Queue | Villager (Male) |
| 1:35 | Queue | Villager (Male) |
| 1:57 | Queue | Villager (Male) |
| 1:57 | Queue | Villager (Male) |
| 2:21 | Queue | Villager (Male) |
| 2:21 | Queue | Villager (Male) |
| 2:43 | Queue | Villager (Male) |
| 2:49 | Build | Lumber Camp |
| 3:05 | Queue | Villager (Male) |
| 3:05 | Queue | Villager (Male) |
| 3:21 | Queue | Villager (Male) |
| 3:21 | Queue | Villager (Male) |
| 3:40 | Queue | Villager (Male) |
| 3:41 | Queue | Villager (Male) |
| 3:49 | Build | House |
| 3:50 | Build | House |
| 4:03 | Queue | Villager (Male) |
| 4:04 | Queue | Villager (Male) |
| 4:20 | Queue | Villager (Male) |
| 4:20 | Queue | Villager (Male) |
| 4:39 | Queue | Villager (Male) |
| 4:39 | Queue | Villager (Male) |
| 4:49 | Queue | Villager (Male) |
| 4:49 | Queue | Villager (Male) |
| 5:12 | Build | Mill |
| 5:48 | Queue | Villager (Male) |
| 5:48 | Research | Loom |
| 7:15 | Build | Lumber Camp |
| 7:24 | Research | Feudal Age |
| 7:37 | Build | House |
| 7:39 | Build | House |
| 8:13 | Build | Mining Camp |
| 8:19 | Build | Farm |
| 9:12 | Build | Barracks |
| 9:15 | Queue | Villager (Male) |
| 9:15 | Queue | Villager (Male) |
| 9:41 | Age | Feudal Age |
| 9:44 | Research | Double-Bit Axe |
| 9:52 | Queue | Villager (Male) |
| 10:04 | Queue | Villager (Male) |
| 10:09 | Build | Archery Range |
| 10:23 | Queue | Villager (Male) |
| 10:48 | Queue | Villager (Male) |
| 10:59 | Queue | Archer |
| 10:59 | Queue | Archer |
| 11:04 | Build | House |
| 11:05 | Build | House |
| 11:11 | Queue | Archer |
| 11:14 | Queue | Villager (Male) |
| 11:25 | Queue | Skirmisher |
| 12:04 | Queue | Villager (Male) |
| 12:12 | Build | Farm |
| 12:13 | Queue | Villager (Male) |
| 12:16 | Build | Farm |
| 12:22 | Build | Blacksmith |
| 12:26 | Build | Farm |
| 12:30 | Build | Farm |
| 12:36 | Build | Farm |
| 12:41 | Queue | Skirmisher |
| 13:05 | Queue | Villager (Male) |
| 13:12 | Build | House |
| 13:22 | Queue | Villager (Male) |
| 13:32 | Build | Farm |
| 13:34 | Build | Farm |
| 13:36 | Queue | Villager (Male) |
| 13:43 | Research | Fletching |
| 13:43 | Research | Fletching |
| 13:47 | Queue | Villager (Male) |
| 13:55 | Queue | Villager (Male) |
| 13:58 | Build | Farm |
| 14:02 | Build | Farm |
| 14:07 | Build | Farm |
| 14:16 | Queue | Villager (Male) |
| 14:26 | Build | Farm |
| 14:31 | Queue | Villager (Male) |
| 14:42 | Build | House |
| 14:53 | Queue | Militia |
| 14:58 | Queue | Archer |
| 14:58 | Queue | Archer |
| 15:13 | Build | Archery Range |
| 15:22 | Queue | Militia |
| 15:22 | Queue | Militia |
| 15:26 | Queue | Archer |
| 15:26 | Queue | Archer |
| 15:28 | Research | Padded Archer Armor |
| 15:28 | Research | Padded Archer Armor |
| 15:42 | Queue | Villager (Male) |
| 15:42 | Queue | Villager (Male) |
| 15:47 | Queue | Archer |
| 15:47 | Queue | Archer |
| 16:06 | Queue | Skirmisher |
| 16:06 | Queue | Skirmisher |
| 16:08 | Queue | Villager (Male) |
| 16:25 | Queue | Militia |
| 16:29 | Queue | Archer |
| 16:30 | Queue | Villager (Male) |
| 16:35 | Queue | Villager (Male) |
| 16:42 | Build | House |
| 16:43 | Build | House |
| 16:51 | Queue | Skirmisher |
| 16:52 | Queue | Villager (Male) |
| 16:57 | Build | House |
| 17:00 | Build | Palisade Wall |
| 17:05 | Queue | Archer |
| 17:10 | Build | Palisade Wall |
| 17:25 | Queue | Archer |
| 17:25 | Queue | Archer |
| 17:26 | Queue | Villager (Male) |
| 17:35 | Queue | Villager (Male) |
| 17:39 | Build | Palisade Wall |
| 17:41 | Queue | Villager (Male) |
| 17:46 | Queue | Villager (Male) |
| 17:53 | Build | Lumber Camp |
| 17:59 | Build | Farm |
| 18:01 | Queue | Archer |
| 18:02 | Queue | Archer |
| 18:03 | Queue | Villager (Male) |
| 18:06 | Research | Gold Mining |
| 18:06 | Research | Gold Mining |
| 18:19 | Build | Farm |
| 18:49 | Queue | Villager (Male) |
| 19:02 | Build | Farm |
| 19:03 | Build | Farm |
| 19:06 | Research | Wheelbarrow |
| 19:10 | Build | Farm |
| 19:23 | Build | Palisade Wall |
| 19:25 | Build | House |
| 19:26 | Build | House |
| 19:27 | Build | House |
| 19:40 | Build | Farm |
| 19:50 | Build | Palisade Wall |
| 19:58 | Build | Market |
| 20:22 | Queue | Archer |
| 20:22 | Queue | Archer |
| 20:34 | Queue | Villager (Male) |
| 20:36 | Build | Archery Range |
| 20:55 | Build | Mining Camp |
| 21:08 | Build | House |
| 21:12 | Queue | Villager (Male) |
| 21:24 | Research | Castle Age |
| 21:34 | Queue | Archer |
| 21:35 | Queue | Archer |
| 21:35 | Queue | Archer |
| 21:35 | Queue | Archer |
Match timeline
| 6:11 | HellionBlue · first_building Barracks |
| 9:12 | JAGR | Herol · first_building Barracks |
| 9:20 | HellionBlue · age_up feudal |
| 9:41 | JAGR | Herol · age_up feudal |
| 10:09 | JAGR | Herol · first_building Archery Range |
| 10:26 | HellionBlue · first_building Archery Range |
| 11:01 | HellionBlue · wall_segment Palisade Wall x5 |
| 11:01 | HellionBlue · wall_segment Palisade Wall x1 |
| 14:38 | HellionBlue · wall_segment Palisade Wall x12 |
| 14:46 | HellionBlue · wall_segment Palisade Wall x1 |
| 14:49 | HellionBlue · wall_segment Palisade Wall x1 |
| 14:52 | HellionBlue · wall_segment Palisade Wall x5 |
| 16:35 | HellionBlue · first_building Stable |
| 16:44 | HellionBlue · wall_segment Palisade Wall x5 |
| 17:00 | JAGR | Herol · wall_segment Palisade Wall x15 |
| 17:10 | JAGR | Herol · wall_segment Palisade Wall x1 |
| 17:39 | JAGR | Herol · wall_segment Palisade Wall x13 |
| 19:23 | JAGR | Herol · wall_segment Palisade Wall x1 |
| 19:50 | JAGR | Herol · wall_segment Palisade Wall x1 |
| 20:44 | HellionBlue · wall_segment Palisade Wall x1 |
| 21:10 | HellionBlue · wall_segment Palisade Wall x1 |
| 21:11 | HellionBlue · wall_segment Palisade Wall x5 |
| 21:15 | HellionBlue · wall_segment Palisade Wall x1 |
| 22:00 | HellionBlue · age_up castle |
| 22:20 | JAGR | Herol · wall_segment Palisade Wall x1 |
| 22:44 | HellionBlue · first_building Siege Workshop |
| 24:12 | JAGR | Herol · age_up castle |
| 24:31 | HellionBlue · first_building Monastery |
| 30:57 | HellionBlue · first_building Castle |
| 33:04 | HellionBlue · first_market_sell 500 wood |
| 33:06 | JAGR | Herol · first_market_buy 100 stone |
| 33:07 | JAGR | Herol · first_building Castle |
| 33:20 | JAGR | Herol · first_building Monastery |
| 33:39 | JAGR | Herol · first_building Stable |
| 33:57 | JAGR | Herol · first_market_sell 100 wood |
| 35:33 | HellionBlue · first_market_buy 100 food |
| 38:09 | JAGR | Herol · age_up imperial |
| 38:47 | HellionBlue · age_up imperial |
| 66:41 | HellionBlue · wall_segment Stone Wall x11 |
| 67:36 | HellionBlue · wall_segment Stone Wall x2 |
| 76:02 | HellionBlue · resign |
[ AI ANALYSIS · 1 CREDIT ]
What really happened in this match?
Wolo.gg analyzes every decision: build order, eco, micro, common mistakes by bracket. Personalized analysis on WhatsApp or Discord in 30 seconds.
Civ guide
Burmese
Perfil
HellionBlue